Workbook
Name AsAt: README!$B$3

Sheet README
A1: Fund Operations Model — Q3 2026
A3: As-at date | B3: 46295
A4: Purpose | B4: Fund performance, NAV bridge, cash-flow trend and data-quality checks rebuilt with live Excel formulas from transaction-level data.
A5: Source | B5: Synthetic demo data. Cashflows sheet = output of pipeline.py (cleaned administrator export, 128 raw rows -> 125 clean).
A6: Equivalent to | B6: fund_metrics.sql and dq_rules.sql on projectaccountants.site: same figures, Excel formulas instead of SQL.
A7: Colour key | B7: Blue = hard-coded input · Black = formula · Green = link to another sheet
A8: How to use | B8: Change the as-at date above or any blue input on Funds / NAV_Bridge / Cashflows / Exceptions; Metrics, Quarterly and Checks recalculate.

Sheet Metrics
A1: Fund performance (as-at date on README)
A3: Fund ID | B3: Fund | C3: Commitment ($m) | D3: Paid-in ($m) | E3: % Called | F3: Distributed ($m) | G3: NAV ($m) | H3: DPI | I3: RVPI | J3: TVPI | K3: Net IRR | L3: Open exceptions | M3: DQ status
A4: =Funds!A4 | B4: =Funds!B4 | C4: =Funds!E4 | D4: =SUMIFS(Cashflows!$E$4:$E$128,Cashflows!$B$4:$B$128,$A4,Cashflows!$D$4:$D$128,"call",Cashflows!$C$4:$C$128,"<="&AsAt) | E4: =IFERROR(D4/C4,0) | F4: =SUMIFS(Cashflows!$E$4:$E$128,Cashflows!$B$4:$B$128,$A4,Cashflows!$D$4:$D$128,"distribution",Cashflows!$C$4:$C$128,"<="&AsAt) | G4: =INDEX(NAV_Bridge!$H$4:$H$8,MATCH($A4,NAV_Bridge!$A$4:$A$8,0)) | H4: =IFERROR(F4/D4,0) | I4: =IFERROR(G4/D4,0) | J4: =H4+I4 | K4: =Funds!F4 | L4: =COUNTIFS(Exceptions!$B$4:$B$10,$A4,Exceptions!$H$4:$H$10,"Open") | M4: =IF(L4<=1,"Green",IF(L4<=4,"Amber","Red"))
A5: =Funds!A5 | B5: =Funds!B5 | C5: =Funds!E5 | D5: =SUMIFS(Cashflows!$E$4:$E$128,Cashflows!$B$4:$B$128,$A5,Cashflows!$D$4:$D$128,"call",Cashflows!$C$4:$C$128,"<="&AsAt) | E5: =IFERROR(D5/C5,0) | F5: =SUMIFS(Cashflows!$E$4:$E$128,Cashflows!$B$4:$B$128,$A5,Cashflows!$D$4:$D$128,"distribution",Cashflows!$C$4:$C$128,"<="&AsAt) | G5: =INDEX(NAV_Bridge!$H$4:$H$8,MATCH($A5,NAV_Bridge!$A$4:$A$8,0)) | H5: =IFERROR(F5/D5,0) | I5: =IFERROR(G5/D5,0) | J5: =H5+I5 | K5: =Funds!F5 | L5: =COUNTIFS(Exceptions!$B$4:$B$10,$A5,Exceptions!$H$4:$H$10,"Open") | M5: =IF(L5<=1,"Green",IF(L5<=4,"Amber","Red"))
A6: =Funds!A6 | B6: =Funds!B6 | C6: =Funds!E6 | D6: =SUMIFS(Cashflows!$E$4:$E$128,Cashflows!$B$4:$B$128,$A6,Cashflows!$D$4:$D$128,"call",Cashflows!$C$4:$C$128,"<="&AsAt) | E6: =IFERROR(D6/C6,0) | F6: =SUMIFS(Cashflows!$E$4:$E$128,Cashflows!$B$4:$B$128,$A6,Cashflows!$D$4:$D$128,"distribution",Cashflows!$C$4:$C$128,"<="&AsAt) | G6: =INDEX(NAV_Bridge!$H$4:$H$8,MATCH($A6,NAV_Bridge!$A$4:$A$8,0)) | H6: =IFERROR(F6/D6,0) | I6: =IFERROR(G6/D6,0) | J6: =H6+I6 | K6: =Funds!F6 | L6: =COUNTIFS(Exceptions!$B$4:$B$10,$A6,Exceptions!$H$4:$H$10,"Open") | M6: =IF(L6<=1,"Green",IF(L6<=4,"Amber","Red"))
A7: =Funds!A7 | B7: =Funds!B7 | C7: =Funds!E7 | D7: =SUMIFS(Cashflows!$E$4:$E$128,Cashflows!$B$4:$B$128,$A7,Cashflows!$D$4:$D$128,"call",Cashflows!$C$4:$C$128,"<="&AsAt) | E7: =IFERROR(D7/C7,0) | F7: =SUMIFS(Cashflows!$E$4:$E$128,Cashflows!$B$4:$B$128,$A7,Cashflows!$D$4:$D$128,"distribution",Cashflows!$C$4:$C$128,"<="&AsAt) | G7: =INDEX(NAV_Bridge!$H$4:$H$8,MATCH($A7,NAV_Bridge!$A$4:$A$8,0)) | H7: =IFERROR(F7/D7,0) | I7: =IFERROR(G7/D7,0) | J7: =H7+I7 | K7: =Funds!F7 | L7: =COUNTIFS(Exceptions!$B$4:$B$10,$A7,Exceptions!$H$4:$H$10,"Open") | M7: =IF(L7<=1,"Green",IF(L7<=4,"Amber","Red"))
A8: =Funds!A8 | B8: =Funds!B8 | C8: =Funds!E8 | D8: =SUMIFS(Cashflows!$E$4:$E$128,Cashflows!$B$4:$B$128,$A8,Cashflows!$D$4:$D$128,"call",Cashflows!$C$4:$C$128,"<="&AsAt) | E8: =IFERROR(D8/C8,0) | F8: =SUMIFS(Cashflows!$E$4:$E$128,Cashflows!$B$4:$B$128,$A8,Cashflows!$D$4:$D$128,"distribution",Cashflows!$C$4:$C$128,"<="&AsAt) | G8: =INDEX(NAV_Bridge!$H$4:$H$8,MATCH($A8,NAV_Bridge!$A$4:$A$8,0)) | H8: =IFERROR(F8/D8,0) | I8: =IFERROR(G8/D8,0) | J8: =H8+I8 | K8: =Funds!F8 | L8: =COUNTIFS(Exceptions!$B$4:$B$10,$A8,Exceptions!$H$4:$H$10,"Open") | M8: =IF(L8<=1,"Green",IF(L8<=4,"Amber","Red"))
A9: Portfolio | C9: =SUM(C4:C8) | D9: =SUM(D4:D8) | E9: =IFERROR(D9/C9,0) | F9: =SUM(F4:F8) | G9: =SUM(G4:G8) | H9: =IFERROR(F9/D9,0) | I9: =IFERROR(G9/D9,0) | J9: =H9+I9 | K9: =IFERROR(SUMPRODUCT(K4:K8,G4:G8)/G9,0) | L9: =SUM(L4:L8) | M9: =COUNTIF(M4:M8,"<>Green")&" not Green"
K10: NAV-weighted
B12: Uncalled commitments ($m) | D12: =C9-D9
B13: QoQ NAV change | D13: =IFERROR(G9/NAV_Bridge!B9-1,0)
B14: Open exceptions (log) | D14: =COUNTIF(Exceptions!H4:H10,"Open")

Sheet Funds
A1: Fund master (inputs)
A3: Fund ID | B3: Fund | C3: Strategy | D3: Vintage | E3: Commitment ($m) | F3: Net IRR
A4: F01 | B4: PA PE Buyout Fund III | C4: Buyout | D4: 2019 | E4: 450 | F4: 0.162
A5: F02 | B5: PA Growth Equity Fund II | C5: Growth Equity | D5: 2020 | E5: 280 | F5: 0.138
A6: F03 | B6: PA Real Estate Debt Fund I | C6: Private Debt | D6: 2021 | E6: 320 | F6: 0.094
A7: F04 | B7: PA Venture Fund IV | C7: Venture | D7: 2018 | E7: 300 | F7: 0.221
A8: F05 | B8: PA Infrastructure Fund I | C8: Infrastructure | D8: 2022 | E8: 500 | F8: 0.087
A10: Net IRR is a reported input (needs dated cash flows plus NAV for XIRR); all multiples are derived on Metrics.

Sheet Cashflows
A1: Cash flows — cleaned (pipeline.py output)
A3: Txn ref | B3: Fund ID | C3: Value date | D3: Type | E3: Amount ($m)
A4: TX10000 | B4: F04 | C4: 43190 | D4: call | E4: 64.7
A5: TX10001 | B5: F01 | C5: 43555 | D5: call | E5: 82.7
A6: TX10002 | B6: F04 | C6: 43555 | D6: call | E6: 51.5
A7: TX10003 | B7: F01 | C7: 43830 | D7: call | E7: 65.9
A8: TX10004 | B8: F02 | C8: 43921 | D8: call | E8: 33.5
A9: TX10005 | B9: F04 | C9: 43921 | D9: call | E9: 46.3
A10: TX10006 | B10: F01 | C10: 44104 | D10: call | E10: 59.3
A11: TX10007 | B11: F02 | C11: 44196 | D11: call | E11: 26.6
A12: TX10008 | B12: F03 | C12: 44286 | D12: call | E12: 64
A13: TX10009 | B13: F04 | C13: 44286 | D13: call | E13: 38.6
A14: TX10010 | B14: F01 | C14: 44377 | D14: call | E14: 49.4
A15: TX10011 | B15: F02 | C15: 44469 | D15: call | E15: 24
... A128: TX10124 | B128: F05 | C128: 46295 | D128: distribution | E128: 0.9

Sheet NAV_Bridge
A1: NAV bridge — quarter to as-at date
A3: Fund ID | B3: Opening NAV ($m) | C3: Calls in qtr | D3: Distributions in qtr | E3: Income | F3: Valuation movement | G3: Expected close | H3: Reported closing NAV | I3: Break ($m)
A4: F01 | B4: 475.9 | C4: =SUMIFS(Cashflows!$E$4:$E$128,Cashflows!$B$4:$B$128,$A4,Cashflows!$D$4:$D$128,"call",Cashflows!$C$4:$C$128,">"&EOMONTH(AsAt,-3),Cashflows!$C$4:$C$128,"<="&AsAt) | D4: =SUMIFS(Cashflows!$E$4:$E$128,Cashflows!$B$4:$B$128,$A4,Cashflows!$D$4:$D$128,"distribution",Cashflows!$C$4:$C$128,">"&EOMONTH(AsAt,-3),Cashflows!$C$4:$C$128,"<="&AsAt) | E4: 4.5 | F4: 14 | G4: =B4+C4-D4+E4+F4 | H4: 492 | I4: =ROUND(G4-H4,2)
A5: F02 | B5: 261.6 | C5: =SUMIFS(Cashflows!$E$4:$E$128,Cashflows!$B$4:$B$128,$A5,Cashflows!$D$4:$D$128,"call",Cashflows!$C$4:$C$128,">"&EOMONTH(AsAt,-3),Cashflows!$C$4:$C$128,"<="&AsAt) | D5: =SUMIFS(Cashflows!$E$4:$E$128,Cashflows!$B$4:$B$128,$A5,Cashflows!$D$4:$D$128,"distribution",Cashflows!$C$4:$C$128,">"&EOMONTH(AsAt,-3),Cashflows!$C$4:$C$128,"<="&AsAt) | E5: 2 | F5: 9 | G5: =B5+C5-D5+E5+F5 | H5: 279 | I5: =ROUND(G5-H5,2)
A6: F03 | B6: 323.6 | C6: =SUMIFS(Cashflows!$E$4:$E$128,Cashflows!$B$4:$B$128,$A6,Cashflows!$D$4:$D$128,"call",Cashflows!$C$4:$C$128,">"&EOMONTH(AsAt,-3),Cashflows!$C$4:$C$128,"<="&AsAt) | D6: =SUMIFS(Cashflows!$E$4:$E$128,Cashflows!$B$4:$B$128,$A6,Cashflows!$D$4:$D$128,"distribution",Cashflows!$C$4:$C$128,">"&EOMONTH(AsAt,-3),Cashflows!$C$4:$C$128,"<="&AsAt) | E6: 7.5 | F6: 1 | G6: =B6+C6-D6+E6+F6 | H6: 334 | I6: =ROUND(G6-H6,2)
A7: F04 | B7: 438.7 | C7: =SUMIFS(Cashflows!$E$4:$E$128,Cashflows!$B$4:$B$128,$A7,Cashflows!$D$4:$D$128,"call",Cashflows!$C$4:$C$128,">"&EOMONTH(AsAt,-3),Cashflows!$C$4:$C$128,"<="&AsAt) | D7: =SUMIFS(Cashflows!$E$4:$E$128,Cashflows!$B$4:$B$128,$A7,Cashflows!$D$4:$D$128,"distribution",Cashflows!$C$4:$C$128,">"&EOMONTH(AsAt,-3),Cashflows!$C$4:$C$128,"<="&AsAt) | E7: 1 | F7: 15 | G7: =B7+C7-D7+E7+F7 | H7: 444 | I7: =ROUND(G7-H7,2)
A8: F05 | B8: 258.2 | C8: =SUMIFS(Cashflows!$E$4:$E$128,Cashflows!$B$4:$B$128,$A8,Cashflows!$D$4:$D$128,"call",Cashflows!$C$4:$C$128,">"&EOMONTH(AsAt,-3),Cashflows!$C$4:$C$128,"<="&AsAt) | D8: =SUMIFS(Cashflows!$E$4:$E$128,Cashflows!$B$4:$B$128,$A8,Cashflows!$D$4:$D$128,"distribution",Cashflows!$C$4:$C$128,">"&EOMONTH(AsAt,-3),Cashflows!$C$4:$C$128,"<="&AsAt) | E8: 4 | F8: 6 | G8: =B8+C8-D8+E8+F8 | H8: 289 | I8: =ROUND(G8-H8,2)
A9: Total | B9: =SUM(B4:B8) | C9: =SUM(C4:C8) | D9: =SUM(D4:D8) | E9: =SUM(E4:E8) | F9: =SUM(F4:F8) | G9: =SUM(G4:G8) | H9: =SUM(H4:H8) | I9: =SUM(I4:I8)

Sheet Exceptions
A1: Open exception log
A3: Ref | B3: Fund ID | C3: Category | D3: Description | E3: Value ($m) | F3: Opened | G3: Owner | H3: Status | I3: Age (days)
A4: EX-0398 | B4: F05 | C4: Investor Allocations | D4: Late-closer equalisation interest not yet allocated | E4: 0.096 | F4: 46280 | G4: Investor Services | H4: Open | I4: =AsAt-F4
A5: EX-0401 | B5: F05 | C5: Fee Accruals | D5: Mgmt fee basis moved to invested capital; accrual not updated | E5: 0.42 | F5: 46283 | G5: Fund Accounting | H5: Open | I5: =AsAt-F5
A6: EX-0409 | B6: F03 | C6: Cash Reconciliation | D6: Loan interest receipt timing difference at quarter-end | E6: 0.31 | F6: 46286 | G6: Fund Accounting | H6: Open | I6: =AsAt-F6
A7: EX-0407 | B7: F02 | C7: Valuation Timing | D7: Portfolio company valuation dated 30 Jun; quarter-end 30 Sep | F7: 46287 | G7: Valuations | H7: Open | I7: =AsAt-F7
A8: EX-0412 | B8: F05 | C8: Cash Reconciliation | D8: Custodian vs GL cash variance on operating account | E8: 0.184 | F8: 46289 | G8: Fund Accounting | H8: Open | I8: =AsAt-F8
A9: EX-0413 | B9: F03 | C9: Fee Accruals | D9: Admin fee invoice exceeds accrual by 6.2% | E9: 0.021 | F9: 46291 | G9: Fund Accounting | H9: Open | I9: =AsAt-F9
A10: EX-0415 | B10: F05 | C10: Cash Reconciliation | D10: Unmatched capital call receipt from LP 0412 | E10: 2.4 | F10: 46292 | G10: Investor Services | H10: Open | I10: =AsAt-F10

Sheet Quarterly
A1: Capital calls vs distributions — trailing 8 quarters
A3: Quarter end | B3: Calls ($m) | C3: Distributions ($m) | D3: Net ($m)
A4: =EOMONTH(AsAt,-21) | B4: =SUMIFS(Cashflows!$E$4:$E$128,Cashflows!$D$4:$D$128,"call",Cashflows!$C$4:$C$128,">"&EOMONTH($A4,-3),Cashflows!$C$4:$C$128,"<="&$A4) | C4: =SUMIFS(Cashflows!$E$4:$E$128,Cashflows!$D$4:$D$128,"distribution",Cashflows!$C$4:$C$128,">"&EOMONTH($A4,-3),Cashflows!$C$4:$C$128,"<="&$A4) | D4: =B4-C4
A5: =EOMONTH(AsAt,-18) | B5: =SUMIFS(Cashflows!$E$4:$E$128,Cashflows!$D$4:$D$128,"call",Cashflows!$C$4:$C$128,">"&EOMONTH($A5,-3),Cashflows!$C$4:$C$128,"<="&$A5) | C5: =SUMIFS(Cashflows!$E$4:$E$128,Cashflows!$D$4:$D$128,"distribution",Cashflows!$C$4:$C$128,">"&EOMONTH($A5,-3),Cashflows!$C$4:$C$128,"<="&$A5) | D5: =B5-C5
A6: =EOMONTH(AsAt,-15) | B6: =SUMIFS(Cashflows!$E$4:$E$128,Cashflows!$D$4:$D$128,"call",Cashflows!$C$4:$C$128,">"&EOMONTH($A6,-3),Cashflows!$C$4:$C$128,"<="&$A6) | C6: =SUMIFS(Cashflows!$E$4:$E$128,Cashflows!$D$4:$D$128,"distribution",Cashflows!$C$4:$C$128,">"&EOMONTH($A6,-3),Cashflows!$C$4:$C$128,"<="&$A6) | D6: =B6-C6
A7: =EOMONTH(AsAt,-12) | B7: =SUMIFS(Cashflows!$E$4:$E$128,Cashflows!$D$4:$D$128,"call",Cashflows!$C$4:$C$128,">"&EOMONTH($A7,-3),Cashflows!$C$4:$C$128,"<="&$A7) | C7: =SUMIFS(Cashflows!$E$4:$E$128,Cashflows!$D$4:$D$128,"distribution",Cashflows!$C$4:$C$128,">"&EOMONTH($A7,-3),Cashflows!$C$4:$C$128,"<="&$A7) | D7: =B7-C7
A8: =EOMONTH(AsAt,-9) | B8: =SUMIFS(Cashflows!$E$4:$E$128,Cashflows!$D$4:$D$128,"call",Cashflows!$C$4:$C$128,">"&EOMONTH($A8,-3),Cashflows!$C$4:$C$128,"<="&$A8) | C8: =SUMIFS(Cashflows!$E$4:$E$128,Cashflows!$D$4:$D$128,"distribution",Cashflows!$C$4:$C$128,">"&EOMONTH($A8,-3),Cashflows!$C$4:$C$128,"<="&$A8) | D8: =B8-C8
A9: =EOMONTH(AsAt,-6) | B9: =SUMIFS(Cashflows!$E$4:$E$128,Cashflows!$D$4:$D$128,"call",Cashflows!$C$4:$C$128,">"&EOMONTH($A9,-3),Cashflows!$C$4:$C$128,"<="&$A9) | C9: =SUMIFS(Cashflows!$E$4:$E$128,Cashflows!$D$4:$D$128,"distribution",Cashflows!$C$4:$C$128,">"&EOMONTH($A9,-3),Cashflows!$C$4:$C$128,"<="&$A9) | D9: =B9-C9
A10: =EOMONTH(AsAt,-3) | B10: =SUMIFS(Cashflows!$E$4:$E$128,Cashflows!$D$4:$D$128,"call",Cashflows!$C$4:$C$128,">"&EOMONTH($A10,-3),Cashflows!$C$4:$C$128,"<="&$A10) | C10: =SUMIFS(Cashflows!$E$4:$E$128,Cashflows!$D$4:$D$128,"distribution",Cashflows!$C$4:$C$128,">"&EOMONTH($A10,-3),Cashflows!$C$4:$C$128,"<="&$A10) | D10: =B10-C10
A11: =EOMONTH(AsAt,0) | B11: =SUMIFS(Cashflows!$E$4:$E$128,Cashflows!$D$4:$D$128,"call",Cashflows!$C$4:$C$128,">"&EOMONTH($A11,-3),Cashflows!$C$4:$C$128,"<="&$A11) | C11: =SUMIFS(Cashflows!$E$4:$E$128,Cashflows!$D$4:$D$128,"distribution",Cashflows!$C$4:$C$128,">"&EOMONTH($A11,-3),Cashflows!$C$4:$C$128,"<="&$A11) | D11: =B11-C11
A12: Total | B12: =SUM(B4:B11) | C12: =SUM(C4:C11) | D12: =SUM(D4:D11)

Sheet Checks
A1: Integrity checks (TRUE = pass)
A3: Check | B3: Result | C3: Value | D3: What the value is
A4: NAV bridge closes for every fund | B4: =SUMPRODUCT(--(ABS(NAV_Bridge!I4:I8)>0.05))=0 | C4: =SUMPRODUCT(ABS(NAV_Bridge!I4:I8)) | D4: Sum of absolute breaks ($m)
A5: Bridge closing NAV = Metrics NAV total | B5: =ABS(NAV_Bridge!H9-Metrics!G9)<0.05 | C5: =NAV_Bridge!H9-Metrics!G9 | D5: Difference ($m)
A6: Paid-in <= commitment, every fund | B6: =SUMPRODUCT(--(Metrics!D4:D8>Metrics!C4:C8))=0 | C6: =SUMPRODUCT(--(Metrics!D4:D8>Metrics!C4:C8)) | D6: Funds over-called
A7: TVPI = DPI + RVPI, every fund | B7: =SUMPRODUCT(--(ABS(Metrics!J4:J8-Metrics!H4:H8-Metrics!I4:I8)>0.0001))=0
A8: Exception log = sum of fund counts | B8: =COUNTIF(Exceptions!H4:H10,"Open")=Metrics!L9 | C8: =COUNTIF(Exceptions!H4:H10,"Open") | D8: Open exceptions
A9: No cash flows dated after as-at | B9: =COUNTIF(Cashflows!$C$4:$C$128,">"&AsAt)=0 | C9: =COUNTIF(Cashflows!$C$4:$C$128,">"&AsAt) | D9: Rows after as-at
A10: Quarterly calls tie to cash flows in window | B10: =ABS(Quarterly!B12-SUMIFS(Cashflows!$E$4:$E$128,Cashflows!$D$4:$D$128,"call",Cashflows!$C$4:$C$128,">"&EOMONTH(AsAt,-24),Cashflows!$C$4:$C$128,"<="&AsAt))<0.05 | C10: =Quarterly!B12 | D10: 8-quarter calls ($m)
A12: All checks pass | B12: =AND(B4:B10)
